 Dungeon Crawl Stone Soup version 0.26.1-11-gd32895ea62 (webtiles) character file.

Game seed: 16434339346653297269

51 Zeld the Chopper (level 3, 0/31 HPs)
             Began as a Minotaur Berserker on May 23, 2021.
             Was a Follower of Trog.
             Slain by a gnoll
             ... wielding a +0 flail
              (3 damage)
             ... on level 2 of the Dungeon.
             The game lasted 00:01:35 (1293 turns).

Zeld the Chopper (Minotaur Berserker)               Turns: 1293, Time: 00:01:36

Health: 0/31       AC:  3    Str: 22    XL:     3   Next: 58%
Magic:  2/2        EV:  7    Int:  4    God:    Trog [*.....]
Gold:   77         SH: 11    Dex:  9    Spells: 2/2 levels left

rFire    . . .     SeeInvis .   a - +0 hand axe
rCold    . . .     Faith    .   f - +0 tower shield
rNeg     . . .     Spirit   .   (no armour)
rPois    .         Reflect  .   (helmet restricted)
rElec    .         Harm     .   (no cloak)
rCorr    .         Rampage  .   (no gloves)
Will     .....                  e - +2 pair of boots {run}
Stlth    +.........             (no amulet)
HPRegen  0.10/turn              (no ring)
MPRegen  0.08/turn              (no ring)

@: quick
A: retaliatory headbutt, horns 2
a: Renounce Religion, Berserk


You were on level 2 of the Dungeon.
You worshipped Trog.
Trog was aware of your devotion.
You visited 1 branch of the dungeon, and saw 2 of its levels.

You collected 77 gold pieces.

Inventory:

Hand Weapons
 a - a +0 hand axe (weapon)
Armour
 e - a +2 pair of boots of running (worn)
 f - a +0 tower shield (worn)
Scrolls
 g - a scroll of identify {unknown}
 i - a scroll of teleportation {unknown}
Potions
 b - a potion of might {unknown}
 c - 2 potions of degeneration {unknown}
 d - a potion of flight {unknown}
 h - a potion of curing {unknown}
 j - a potion of lignification {unknown}
 k - 2 potions of mutation {unknown}
 l - a potion of haste {unknown}


   Skills:
 - Level 3.6 Fighting
 * Level 5.6 Axes
 - Level 2.4 Armour
 - Level 2.1 Dodging


You had 2 spell levels left.
You didn't know any spells.
Your spell library was empty.

Dungeon Overview and Level Annotations

Branches:
Dungeon (2/15)

Altars:


Innate Abilities, Weirdness & Mutations

You reflexively headbutt those who attack you in melee.
You have a pair of horns on your head.


Message History

Trog accepts your kill.
You hit the gnoll but do no damage. You headbutt the gnoll.
The gnoll is lightly wounded.
The gnoll hits you but does no damage.
Your shield prevents you from hitting the gnoll.
The gnoll is lightly wounded.
You block the gnoll's attack.
You hit the gnoll but do no damage.
The gnoll is lightly wounded.
The gnoll hits you with a +0 flail. The gnoll hits you with a +0 flail!
You closely miss the gnoll.
The gnoll is lightly wounded.
You barely miss the gnoll. Your headbutt misses the gnoll.
The gnoll is lightly wounded.
You block the gnoll's attack. The gnoll hits you with a +0 flail!
* * * LOW HITPOINT WARNING * * *
You barely miss the gnoll.
The gnoll is lightly wounded.
The gnoll hits you with a +0 flail.
You die...

.# #.# #.# .# #.# #.# .#
#.# #.# .# #.# #.# .#
#.# #.# .# #.##### #.#
.###.....###.###########
...)..........).........
.#######.#######@######
## #.# #g# #.# #.. #.#
##.# #.# .≈ #.# +## #.#
#.#


You could see a gnoll.

Vanquished Creatures
  3 gnolls (D:2)
  A worm (D:2)
  A leopard gecko (D:2)
  5 goblins
  2 hobgoblins (D:2)
  2 frilled lizards (D:1)
  3 kobolds
  3 rats
20 creatures vanquished.

Notes
Turn   | Place    | Note
-------+----------+-------------------------------------------
     0 | D:1      | Zeld the Minotaur Berserker began the quest for the Orb.
     0 | D:1      | Reached XP level 1. HP: 19/19 MP: 0/0
   126 | D:1      | Reached skill level 4 in Axes
   212 | D:1      | Identified a +2 pair of boots of running (You found it on
                  | level 1 of the Dungeon)
   509 | D:1      | Reached XP level 2. HP: 17/26 MP: 1/1
  1029 | D:2      | Reached skill level 5 in Axes
  1029 | D:2      | Reached XP level 3. HP: 15/31 MP: 2/2
  1293 | D:2      | Slain by a gnoll

Illustrated notes

Levels and vault maps discovered:
D:1:      dpeg_arrival_radiant, layout_rooms, minmay_hedge_maze
D:2:      layout_loops_ring, lightli_temple_of_fire

Skill      XL: |  1  2 |
---------------+-------+-----
Axes           | 4 5 |  5.6
Fighting       | |  3.6
Armour         | |  2.4
Dodging        | |  2.1

Action                   || total
-------------------------++-------
Melee: Hand axe          ||    45
       Headbutt          ||    10
Invok: Berserk           ||     1
Armor: Skin              ||     1
Dodge: Dodged            ||    12
Block: Tower shield      ||    23
